 Dungeon Crawl Stone Soup version 0.29.1-2-gbd0b4ee654 (webtiles) character file.

Game seed: 8827011045749212031

330 GorkyZ the Trooper (level 6, -9/48 HPs)
             Began as a Demonspawn Fighter on Nov 23, 2022.
             Mangled by an orc
             ... wielding a +0 flail of distortion
              (15 damage)
             ... on level 4 of the Dungeon.
             The game lasted 00:11:07 (3619 turns).

GorkyZ the Trooper (Demonspawn Fighter)             Turns: 3619, Time: 00:11:08

Health: -9/48      AC: 10    Str: 18    XL:     6   Next: 26%
Magic:  6/6        EV:  9    Int: 10    God:
Gold:   376        SH:  4    Dex: 12    Spells: 5/5 levels left

rFire   . . .      SeeInvis .   a - +1 war axe
rCold   . . .      Faith    .   c - +0 buckler
rNeg    . . .      Spirit   .   b - +0 scale mail
rPois   .          Reflect  .   (helmet restricted)
rElec   .          Harm     .   (no cloak)
rCorr   .          Rampage  .   l - +2 pair of gloves
Will    .....      Rage     3%  (no boots)
Stlth   ..........              (no amulet)
HPRegen 0.16/turn               (no ring)
MPRegen 0.10/turn               (no ring)

@: no status effects
A: antennae 2, foul stench 1, powered by pain 1, berserk 1, evolution 1
a: no special abilities


You were on level 4 of the Dungeon.
You visited 1 branch of the dungeon, and saw 4 of its levels.

You collected 376 gold pieces.

Inventory:

Hand Weapons
 a - a +1 war axe (weapon)
Missiles
 e - 5 javelins
 n - 7 boomerangs
 s - 5 poisoned darts (quivered)
Armour
 b - a +0 scale mail (worn)
 c - a +0 buckler (worn)
 f - a +2 helmet
 l - a +2 pair of gloves (worn)
Scrolls
 g - 2 scrolls of immolation
 i - 3 scrolls of enchant weapon
 j - 2 scrolls of teleportation
 m - a scroll of identify
Potions
 d - a potion of might
 h - a potion of degeneration
 k - 3 potions of lignification


   Skills:
 + Level 3.7 Fighting
 + Level 2.7 Axes
 + Level 1.8 Throwing
 + Level 3.5 Armour
 + Level 2.0 Dodging
 + Level 3.4 Shields
 + Level 2.0 Evocations


You had 5 spell levels left.
You didn't know any spells.
Your spell library contained the following spells:

 Spells                   Type           Power      Damage    Failure   Level
 Slow                     Hex            0%         N/A       83%         1
 Poisonous Vapours        Pois/Air       0%         N/A       93%         2
 Confusing Touch          Hex            0%         N/A       99%         3
 Ignite Poison            Fire/Tmut/Pois 0%         N/A       99%         3
 Mephitic Cloud           Conj/Pois/Air  0%         N/A       99%         3
 Vampiric Draining        Necr           0%         2d6       99%         3
 Corpse Rot               Necr/Pois/Air  0%         N/A       100%        4
 Freezing Cloud           Conj/Ice/Air   0%         6-21      100%        5


Dungeon Overview and Level Annotations

Branches:
Dungeon (4/15)
 Temple: D:4-7

Altars:

Shops:
D:2 *   D:3 ===[(


Innate Abilities, Weirdness & Mutations

You have a pair of antennae on your head.
You may rarely emit foul miasma when damaged in melee.
You sometimes gain a little power by taking damage.
You sometimes lose your temper in combat.
You have hidden genetic potential.


Message History

You barely miss the gnoll.
The gnoll is heavily wounded.
The gnoll barely misses you.
You barely miss the gnoll.
The gnoll is heavily wounded.
The gnoll hits you but does no damage. x2
You slash the gnoll!
You kill the gnoll!
You see here a +0 halberd.
An ufetubus comes into view.
The ufetubus shouts!
You hear a shout!
You see here 6 gold pieces.
You now have 376 gold pieces (gained 6).
You barely miss the ufetubus. The ufetubus hits you.
* * * LOW HITPOINT WARNING * * *
You block the ufetubus's attack. The ufetubus hits you.
* * * LOW HITPOINT WARNING * * *
You emit a cloud of foul miasma!
The ufetubus barely misses you.
You barely miss the ufetubus.
The ufetubus hits you but does no damage.
You block the ufetubus's attack. The ufetubus closely misses you.
The ufetubus hits you.
* * * LOW HITPOINT WARNING * * *
You barely miss the ufetubus. The ufetubus hits you.
* * * LOW HITPOINT WARNING * * *
The ufetubus hits you but does no damage. x2
You block the ufetubus's attack.
You barely miss the ufetubus. The ufetubus barely misses you.
The ufetubus hits you but does no damage. x3
You slash the ufetubus!
You kill the ufetubus!
You hit the orc.
The orc is lightly wounded.
The orc hits you but does no damage. The orc barely misses you.
You hit the orc but do no damage.
The orc is lightly wounded.
The orc hits you with a +0 flail of distortion.
* * * LOW HITPOINT WARNING * * *
Space warps horribly around you!
You die...

......................
...............#....#
.........#..........##
.....##..####.....?...
...## ##.# ##.!...#..
... ..###..))..##
........)...#
............##
.........@o#
....###.#...# ....
#####....# ... .##.#
.. .. .. . .# #... ..
.. .. ...###. ##


You could see an orc.

Vanquished Creatures
  A scorpion (D:4)
  A hound (D:4)
  Terence (D:3)
  Robin (D:4)
  3 gnolls (D:4)
  7 adders
  An ufetubus (D:4)
  2 worms
  2 dart slugs
  4 orcs (D:3)
  5 bats
  11 endoplasms
  6 giant cockroaches
  13 goblins
  10 hobgoblins
  4 jackals (D:2)
  5 kobolds
  4 quokkas (D:1)
  5 ball pythons
  2 frilled lizards (D:3)
  7 rats
95 creatures vanquished.

Notes
Turn   | Place    | Note
-------+----------+-------------------------------------------
     0 | D:1      | GorkyZ the Demonspawn Fighter began the quest for the Orb.
     0 | D:1      | Reached XP level 1. HP: 18/18 MP: 1/1
   190 | D:1      | Gained mutation: You sometimes gain a little power by
                  | taking damage. [demonic ancestry]
   190 | D:1      | Reached XP level 2. HP: 18/24 MP: 2/2
   568 | D:1      | Gained mutation: You may rarely emit foul miasma when
                  | damaged in melee. [demonic ancestry]
   568 | D:1      | Reached XP level 3. HP: 24/29 MP: 3/3
   988 | D:2      | Found Futticwe's Assorted Antiques.
  1112 | D:2      | Reached skill level 1 in Dodging
  1113 | D:2      | Found a faded altar of an unknown god.
  1236 | D:2      | Reached skill level 1 in Throwing
  1236 | D:2      | Reached skill level 1 in Evocations
  1427 | D:2      | Reached XP level 4. HP: 6/35 MP: 4/4
  2069 | D:3      | Found Vokas's Jewellery Shop.
  2175 | D:3      | Found Deocs's Antique Armour Emporium.
  2355 | D:3      | Gained mutation: You are dopey. (Int -2) [potion of
                  | mutation]
  2355 | D:3      | Gained mutation: You have supernaturally acute eyesight.
                  | (SInv) [potion of mutation]
  2445 | D:3      | Found Ogunoef's Jewellery Boutique.
  2496 | D:3      | Found Xyovek's Weapon Emporium.
  2496 | D:3      | Noticed Terence
  2501 | D:3      | Killed Terence
  2502 | D:3      | Gained mutation: You have a pair of small antennae on your
                  | head. [demonic ancestry]
  2502 | D:3      | Reached XP level 5. HP: 38/41 MP: 5/5
  2733 | D:3      | Found Ule Sump's Jewellery Shoppe.
  3387 | D:4      | Noticed Robin
  3390 | D:4      | Gained mutation: You have a pair of antennae on your head.
                  | [demonic ancestry]
  3390 | D:4      | Reached XP level 6. HP: 41/48 MP: 6/6
  3404 | D:4      | Killed Robin
  3541 | D:4      | Lost mutation: You have supernaturally acute eyesight.
                  | (SInv) [potion of mutation]
  3541 | D:4      | Lost mutation: You are dopey. (Int -2) [potion of mutation]
  3541 | D:4      | Gained mutation: You have hidden genetic potential. [potion
                  | of mutation]
  3541 | D:4      | Gained mutation: You sometimes lose your temper in combat.
                  | [potion of mutation]
  3619 | D:4      | Mangled by an orc

Illustrated notes

Levels and vault maps discovered:
D:1:      dpeg_arrival_more_subterranean_lakeside_camping, layout_loops_ring
D:2:      layout_loops_ring, hellmonk_ecumenical_altar_blasted, serial_shops,
          shop, kennysheep_generic_room_9
D:3:      layout_loops_cross, serial_shops, nicolae_shop_stone, shop,
          shop_coins, nicolae_shop_hallway_stairs, shop_coins, serial_aquarium,
          aquarium_bridge_square [aquarium_subvault_bridge,
          aquarium_subvault_wall, aquarium_subvault_window,
          aquarium_subvault_bridge], aquarium_window_fake,
          aquarium_window_double, aquarium_view_2d, aquarium_pool_corner,
          kennysheep_generic_room_4, uniq_terence
D:4:      layout_cave_pools, gup_sewer_entry_spiral, uniq_robin

Skill      XL: |  1  2  3  4  5  6 |
---------------+-------------------+-----
Axes           | 2 |  2.7
Armour         | 3 |  3.5
Dodging        | 1 2 |  2.0
Throwing       | 1 |  1.8
Shields        | 3 |  3.4
Evocations     | 1 2 |  2.0
Fighting       | |  3.7

Action                   |  1- 3 |  4- 6 || total
-------------------------+-------+-------++-------
Melee: War axe           |   113 |   143 ||   256
  Use: Scroll            |       |     7 ||     7
       Potion            |       |     6 ||     6
Armor: Scale mail        |    68 |    92 ||   160
Dodge: Dodged            |    61 |    77 ||   138
Block: Buckler           |    29 |    52 ||    81
